 Dungeon Crawl Stone Soup version 0.22.0-13-g43fe8f24b8 (webtiles) character file.

9989 Kirk the Thaumaturge (level 11, 0/54 HPs)
             Began as a Deep Elf Wizard on Aug 16, 2018.
             Was an Elder of Vehumet.
             Slain by a black mamba (17 damage)
             ... on level 8 of the Dungeon.
             The game lasted 00:31:01 (10385 turns).

Kirk the Thaumaturge (Deep Elf Wizard)             Turns: 10385, Time: 00:31:01

Health: 0/54       AC:  3    Str:  4    XL:     11   Next: 30%
Magic:  23/30      EV: 13    Int: 27    God:    Vehumet [****..]
Gold:   560        SH:  0    Dex: 13    Spells: 21/37 levels left

rFire    . . .     SeeInvis .   g - +1 whip (elec)
rCold    . . .     Gourm    .   (no shield)
rNeg     + . .     Faith    .   a - +0 robe
rPois    +         Spirit   .   b - +0 hat
rElec    .         Reflect  .   (no cloak)
rCorr    .         Harm     .   (no gloves)
MR       +....                  F - +0 pair of boots (curse)
Stlth    ++........             (no amulet)
HPRegen  0.18/turn              h - ring of positive energy
MPRegen  0.22/turn              t - ring of poison resistance

@: lethally poisoned (0 -> -15)
A: no striking features
a: Renounce Religion


You were on level 8 of the Dungeon.
You worshipped Vehumet.
Vehumet was greatly pleased with you.
You were hungry.

You visited 2 branches of the dungeon, and saw 11 of its levels.

You collected 560 gold pieces.

Inventory:

Hand Weapons
 g - a +1 whip of electrocution (weapon)
 D - a +0 blowgun
Missiles
 E - 28 poisoned needles
Armour
 a - a +0 robe (worn)
 b - a +0 hat (worn)
 l - a +0 leather armour of fire resistance
 F - a cursed +0 pair of boots (worn)
Jewellery
 h - a ring of positive energy (left hand)
 t - a ring of poison resistance (right hand)
 B - an uncursed ring of resist corrosion
Wands
 m - a wand of flame (29)
 r - a wand of iceblast (12)
 A - a wand of disintegration (11)
Scrolls
 c - a scroll of fear
 e - 4 scrolls of identify
 j - 5 scrolls of remove curse
 k - 2 scrolls of amnesia
 n - a scroll of magic mapping
 w - 5 scrolls of fog
Potions
 f - 3 potions of curing
 i - 4 potions of flight
 p - 2 potions of brilliance
 s - 3 potions of lignification
 v - a potion of haste
Comestibles
 d - 12 rations


   Skills:
   Level 1.5 Short Blades
 - Level 2.4 Dodging
 - Level 2.4 Stealth
 + Level 13.8 Spellcasting
 * Level 13.8 Conjurations
   Level 1.1 Summonings
 + Level 1.9 Translocations
 * Level 5.6 Fire Magic


You had 21 spell levels left.
You knew the following spells:

 Your Spells              Type           Power        Failure   Level  Hunger
a - Magic Dart            Conj           ####         0%          1    None
b - Blink                 Tloc           N/A          1%          2    None
c - Conjure Flame         Conj/Fire      ######..     1%          3    None
d - Mephitic Cloud        Conj/Pois/Air  #####...     1%          3    None
e - Throw Icicle          Conj/Ice       ######..     1%          4    None
f - Ignite Poison         Fire/Tmut/Pois ####....     1%          3    None

Your spell library contained the following spells:

 Spells                   Type           Power        Failure   Level  Hunger
 Slow                     Hex            ###.....     4%          2    None
 Throw Frost              Conj/Ice       ######       1%          2    None
 Freeze                   Ice            ###.         1%          1    None
 Summon Ice Beast         Ice/Summ       ###.....     22%         4    None
 Ozocubu's Armour         Chrm/Ice       ###.....     9%          3    None
 Call Imp                 Summ           ###.....     2%          2    None


Dungeon Overview and Level Annotations

Branches:
Dungeon (10/15)            Temple (0/1) D:6            Lair (1/6) D:8
    Orc: D:9-12

Altars:
Ashenzari
Cheibriados
Elyvilon
Fedhas
Gozag
Kikubaaqudgha
Nemelex Xobeh
Trog
Uskayaw
Vehumet
Wu Jian


Message History

You are poisoned.
The black mamba poisons you! The black mamba misses you.
The electric eel shoots out a bolt of lightning at you!
The bolt of electricity hits you!
The electric eel shoots out a bolt of lightning at you!
The bolt of electricity hits the electric eel.
The electric eel completely resists.
The bolt of electricity hits you!
You climb upwards.
Welcome back to the Dungeon!
You feel very sick.
There is a staircase to the Lair here.
Unknown command.
Casting: Throw Icicle (safe; 1% risk of failure)
Confirm with . or Enter, or press ? or * to list all spells.
Aiming: Throw Icicle (safe; 1% risk of failure)
Press: ? - help, Shift-Dir - straight line, f - black mamba
Aim: a black mamba (lightly wounded)
The shard of ice hits the black mamba.
The black mamba is severely wounded.
You feel sick. The black mamba misses you. The black mamba bites you!
You die...

# #......#
#####......#
#.......(..#
##....##.####
##....##.#
.........##
......#...##
...........## ####
.......###..###.@#
........###....S##
....[.#.....#####
..........###
......##.###
.(..####...###
.........#...#
.......#..##.#
.......##....#


You could see a black mamba.

Vanquished Creatures
  2 two-headed ogres
  An unseen horror (D:10)
  A gargoyle (D:10)
  Joseph (D:7)
  A hornet (D:10)
  5 trolls
  Grinder (D:6)
  A hippogriff (D:10)
  A spriggan (D:10)
  5 wraiths (D:10)
  6 yaks (D:10)
  A hungry ghost (D:8)
  A steam dragon (D:9)
  An orc warrior (D:7)
  3 ice beasts
  An eye of draining (D:7)
  3 phantoms
  4 ogres
  3 centaurs
  2 big kobolds
  4 bullfrogs
  2 scorpions
  19 killer bees
  4 wights (D:6)
  2 howler monkeys
  2 crimson imps
  2 hounds (D:7)
  2 quasits
  2 jellies
  3 orc priests
  6 orc wizards
  A bullfrog skeleton (D:9)
  A centaur skeleton (D:7)
  Ijyb (D:4)
  6 iguanas
  3 worker ants
  3 hound zombies
  4 gnolls (D:5)
  A howler monkey skeleton (D:8)
  12 adders
  A shadow imp (D:7)
  An ooze (D:3)
  An adder skeleton (D:3)
  2 worms
  4 dart slugs
  3 leopard geckos
  18 orcs
  4 giant cockroaches
  14 goblins
  6 hobgoblins
  19 kobolds
  A quokka (D:3)
  3 bats
  8 frilled lizards
  A leopard gecko zombie (D:5)
  A quokka zombie (D:8)
  3 rats
214 creatures vanquished.

Notes
Turn   | Place    | Note
-------+----------+-------------------------------------------
     0 | D:1      | Kirk the Deep Elf Wizard began the quest for the Orb.
     0 | D:1      | Reached XP level 1. HP: 10/10 MP: 7/7
   349 | D:1      | Reached skill level 5 in Spellcasting
   349 | D:1      | Reached XP level 2. HP: 15/15 MP: 7/10
   815 | D:2      | Reached XP level 3. HP: 19/19 MP: 4/12
   822 | D:2      | Found a snail-covered altar of Cheibriados.
   822 | D:2      | Found a faded altar of an unknown god.
   927 | D:2      | Found a radiant altar of Vehumet.
   931 | D:2      | Found a sparkling altar of Nemelex Xobeh.
   935 | D:2      | Became a worshipper of Vehumet
  1439 | D:3      | Learned a level 2 spell: Blink
  1443 | D:3      | Learned a level 3 spell: Conjure Flame
  1447 | D:3      | Learned a level 3 spell: Mephitic Cloud
  1542 | D:3      | Noticed an ice beast
  1583 | D:3      | Killed an ice beast
  1583 | D:3      | Reached XP level 4. HP: 24/24 MP: 3/14
  1583 | D:3      | Reached XP level 5. HP: 28/28 MP: 3/16
  1679 | D:3      | Reached * piety under Vehumet
  1679 | D:3      | Offered knowledge of Flame Tongue by Vehumet.
  1730 | D:3      | Noticed Ijyb
  2335 | D:4      | Reached XP level 6. HP: 24/32 MP: 2/18
  2505 | D:4      | Reached skill level 5 in Conjurations
  2520 | D:4      | Killed Ijyb
  2704 | D:4      | Found a shattered altar of Ashenzari.
  2816 | D:4      | Reached XP level 7. HP: 36/36 MP: 15/20
  3186 | D:5      | Entered Level 5 of the Dungeon
  3288 | D:5      | Reached ** piety under Vehumet
  3344 | D:5      | Offered knowledge of Sting by Vehumet.
  4127 | D:6      | Found a blossoming altar of Fedhas.
  4348 | D:6      | Reached XP level 8. HP: 41/41 MP: 0/23
  4558 | D:6      | Found a staircase to the Ecumenical Temple.
  4682 | D:6      | Reached skill level 1 in Fire Magic
  4702 | D:6      | Noticed Grinder
  4718 | D:6      | Paralysed by Grinder for 2 turns
  4721 | D:6      | Killed Grinder
  5177 | D:7      | Learned a level 4 spell: Throw Icicle
  5401 | D:7      | Noticed Joseph
  5417 | D:7      | Killed Joseph
  5417 | D:7      | Reached skill level 10 in Spellcasting
  5538 | D:7      | Reached XP level 9. HP: 28/45 MP: 4/25
  5589 | D:7      | Reached skill level 10 in Conjurations
  5790 | D:7      | Offered knowledge of Ignite Poison by Vehumet.
  5943 | D:7      | Learned a level 3 spell: Ignite Poison
  6552 | D:7      | Reached *** piety under Vehumet
  6949 | D:8      | Found an ancient bone altar of Kikubaaqudgha.
  6967 | D:8      | Noticed a two-headed ogre
  7016 | D:8      | Killed a two-headed ogre
  7047 | D:8      | Reached XP level 10. HP: 50/50 MP: 6/27
  7219 | D:8      | Found an opulent altar of Gozag.
  7237 | D:8      | Offered knowledge of Fulminant Prism by Vehumet.
  7354 | D:8      | Found an ornate altar of the Wu Jian Council.
  7509 | D:8      | Found a staircase to the Lair.
  7720 | D:9      | Reached skill level 1 in Short Blades
  7923 | D:9      | Found a bloodstained altar of Trog.
  7973 | D:9      | Found a white marble altar of Elyvilon.
  8084 | D:9      | Found a hide-covered altar of Uskayaw.
  8087 | D:9      | Noticed a dagger
  8088 | D:9      | Noticed a hand axe
  8184 | D:10     | Entered Level 10 of the Dungeon
  8190 | D:10     | Reached **** piety under Vehumet
  8217 | D:10     | Offered knowledge of Stone Arrow by Vehumet.
  8310 | D:10     | Noticed a gargoyle
  8317 | D:10     | Killed a gargoyle
  8868 | D:10     | Killed an unseen horror
  8868 | D:10     | Reached skill level 5 in Fire Magic
  9183 | D:10     | Noticed a two-headed ogre
  9187 | D:10     | Killed a two-headed ogre
  9187 | D:10     | Reached XP level 11. HP: 54/54 MP: 15/30
  9809 | D:10     | Found the +5 scythe "Finisher" {speed, Str+3}
 10381 | Lair:1   | Entered Level 1 of the Lair of Beasts
 10385 | D:8      | Slain by a black mamba

Skill      XL: |  1  2  3  4  5  6  7  8  9 10 |
---------------+-------------------------------+-----
Spellcasting   | 5 6 7 8 9 10 11 13 | 13.8
Conjurations   | 3 4 5 7 9 11 13 | 13.8
Fire Magic     | 1 3 5 |  5.6
Short Blades   | 1 |  1.5
Dodging        | |  2.4
Stealth        | |  2.4
Summonings     | |  1.1
Translocations | |  1.9

Action                   |  1- 3 |  4- 6 |  7- 9 | 10-12 || total
-------------------------+-------+-------+-------+-------++-------
Melee: Whip              |     9 |    18 |    62 |    15 ||   104
       Short sword       |       |       |     7 |     2 ||     9
       Dagger            |       |       |       |    24 ||    24
 Cast: Magic Dart        |   105 |    83 |   319 |   103 ||   610
       Conjure Flame     |     2 |       |    19 |    13 ||    34
       Mephitic Cloud    |       |     6 |    10 |     7 ||    23
       Blink             |       |     1 |     1 |     1 ||     3
       Throw Icicle      |       |       |     7 |    83 ||    90
Evoke: Wand              |     7 |     8 |    22 |     3 ||    40
  Use: Scroll            |       |     5 |    12 |     2 ||    19
       Potion            |       |       |     3 |       ||     3
 Stab: Sleeping          |     1 |     1 |     1 |       ||     3
       Confused          |       |       |     2 |       ||     2
  Eat: Chunk             |     2 |     4 |     7 |     8 ||    21
       Ration            |       |       |     2 |       ||     2
Armor: Robe              |     2 |     4 |    14 |     3 ||    23
Dodge: Dodged            |    16 |    16 |    82 |    39 ||   153
